 Dungeon Sprint DCSS version 0.31-a0-960-g0fca184906 (webtiles) character file.

Game seed: 8638976726119036237

17058 rocky1 the Peltast (level 12, -4/105 HPs)
             Began as a Formicid Fighter on Oct 23, 2023.
             Was the Champion of Cheibriados.
             Slain by a stone giant (30 damage)
             ... in the Dungeon (Sprint IX: "|||||||||||||||||||||||||||||").
             The game lasted 00:11:20 (2822 turns).

rocky1 the Peltast (Formicid Fighter)               Turns: 2822, Time: 00:11:20

Health: -4/105     AC: 23    Str: 43    XL:     12   Next: 77%
Magic:  20/20      EV: 14    Int: 21    God:    Cheibriados [******]
Gold:   1174       SH: 17    Dex: 28    Spells: 11/11 levels left

rFire   + + +        y - +10 lajatang of the Rattlesnake {holy, rF+ Will+ Str+3 Int-3}
rCold   . . .        d - +0 kite shield {AC+3}
rNeg    . . .        I - +1 fire dragon scales
rPois   +            (helmet unavailable)
rElec   +            v - +0 cloak
rCorr   .            H - +2 pair of gloves of Too Many Cooks {rElec}
SInv    +            u - +0 pair of boots
Will    ++...        (no amulet)
Stlth   +            C - ring of poison resistance
HPRegen 0.37/turn    B - ring of protection from cold
MPRegen 0.17/turn

%: no passive effects
@: very slow
A: permanent stasis, dig shafts and tunnels, antennae 3, four strong arms
a: Dig, Renounce Religion, Bend Time, Temporal Distortion, Slouch, Step From
Time


You were in the Dungeon.
You worshipped Cheibriados.
Cheibriados was exalted by your worship.
You visited 1 branch You collected 1924 gold pieces.
You spent 750 gold pieces at shops.

Inventory:

Hand Weapons
 a - a +0 quarterstaff
 o - the +6 shillelagh "Devastator" {shatter}
   (You found it in the Dungeon)
 t - the +4 great sword of the Piercing Goat {flame, rN+}
   (You found it in the Dungeon)

   rN+:       It protects you from negative energy.
 x - a +0 heavy morningstar
 y - the +10 lajatang of the Rattlesnake (weapon) {holy, rF+ Will+ Str+3 Int-3}
   (You bought it in a shop in the Dungeon)

   Str+3:     It affects your strength (+3).
   Int-3:     It affects your intelligence (-3).
   rF+:       It protects you from fire.
   Will+:     It increases your willpower.
 F - the +8 Vampire's Tooth {megavamp}
   (You found it in the Dungeon)
Missiles
 b - 4 poisoned darts
 f - 3 boomerangs
 w - 4 curare-tipped darts
Armour
 d - a +0 kite shield of protection (worn)
 m - a +0 pair of gloves
 n - a +0 plate armour
 u - a +0 pair of boots (worn)
 v - a +0 cloak (worn)
 G - a +1 pair of gloves
 H - the +2 pair of gloves of Too Many Cooks (worn) {rElec}
   (You found it in the Dungeon)

   rElec:     It insulates you from electricity.
 I - +1 fire dragon scales (worn)
Jewellery
 k - a +3 ring of dexterity
 l - a +2 ring of protection
 A - a ring of protection from fire
 B - a ring of protection from cold (right hand)
 C - a ring of poison resistance (left hand)
Wands
 j - a wand of acid (5) (quivered)
Scrolls
 i - 2 scrolls of amnesia
 p - 4 scrolls of enchant weapon
 q - 6 scrolls of identify
 r - 3 scrolls of fog
 s - a scroll of revelation
 z - a scroll of enchant armour
Potions
 c - a potion of might
 e - 8 potions of curing
 g - 4 potions of magic
 h - 6 potions of heal wounds
 D - a potion of mutation
 E - a potion of brilliance


   Skills:
 + Level 13.1 Fighting
 + Level 13.7(16.5) Maces & Flails
 + Level 15.1(17.2) Staves
 + Level 13.8 Armour
 + Level 4.4 Dodging
 - Level 0.3 Stealth
 + Level 18.5 Shields
 * Level 11.5 Invocations
 - Level 3.1 Evocations


You had 11 spell levels left.
You didn't know any spells.
Your spell library was empty.

Dungeon Overview and Level Annotations

Branches:
Dungeon (1/1)

Altars:
Cheibriados
Dithmenos
Elyvilon
Fedhas
Gozag
Hepliaklqana
Kikubaaqudgha
Makhleb
Nemelex Xobeh
Okawaru
Qazlal
Ru
Sif Muna
Trog
Uskayaw
Vehumet
Wu Jian
Xom
Yredelemnul
Zin
The Shining One
Jiyva
Lugonu

Shops:
D ?((*


Innate Abilities, Weirdness & Mutations

You cannot be hasted, slowed, berserked, paralysed or teleported.
You can dig through walls and to a lower floor.
You have a pair of large antennae on your head. (SInv)
Your four strong arms can wield two-handed weapons with a shield.


Message History

You block the ice dragon's attack. x2
You slash the ice dragon!
The ice dragon is heavily wounded.
You slice the ice dragon!!
The ice dragon is almost dead.
You block the ice dragon's attack. x2
The ice dragon tramples you but does no damage.
You slash the ice dragon!
The ice dragon is almost dead.
A red ugly thing comes into view.
The ice dragon breathes frost at you. The blast of cold hits you!!!
The red ugly thing gurgles horribly!
You slash the ice dragon!
You kill the ice dragon!
Cheibriados appreciates the change of pace.
The stone giant misses you. The stone giant closely misses you.
You see here a tengu corpse.
You slash the stone giant!
The stone giant is lightly wounded.
You block the stone giant's attack.
You slice the stone giant!!
The stone giant is heavily wounded.
The stone giant hits you.
A spriggan berserker comes into view.
It is wielding a +1 rapier of holy wrath.
You barely miss the stone giant.
The stone giant is heavily wounded.
The spriggan berserker shouts!
The stone giant hits you!!
* * * LOW HITPOINT WARNING * * *
You slice the stone giant!!
The stone giant is severely wounded.
The spriggan berserker utters an invocation to Trog.
You hit the stone giant.
The stone giant is almost dead.
You block the stone giant's attack.
You hit the stone giant.
The stone giant is almost dead.
The stone giant hits you!!
You die...

▓)▓.▓.▓.▓∩▓.▓, {
▓'▓.▓.▓.▓.▓.▓.▓{
{
▓.▓.▓.▓.▓∩▓.▓i▓
{
▓.▓.▓.▓.▓)▓.▓u▓
{
▓[▓.▓.▓.▓∩▓.▓R▓
{
▓[▓.▓.▓.▓)▓.▓l▓
{
▓.▓.▓†▓.▓∩▓.▓C▓
{
▓.▓.▓†▓.▓.▓.▓C▓
▓)▓.▓†▓)▓.▓.▓@▓
{
▓?▓.▓†▓.▓.▓.▓)▓
{
▓.▓.▓†▓.▓)▓.▓)▓
{
▓'▓.▓†▓.▓)▓.▓.▓
{
▓_▓.▓.▓.▓'▓.▓.▓
{
▓_▓.▓.▓.▓.▓.▓.▓
{
▓_▓.▓.▓.▓.▓.▓.▓
{
▓_▓.▓.▓.▓.▓.▓.▓
{
▓_▓.▓.▓.▓)▓.▓!▓
{


You could see 2 stone giants, a red ugly thing, a rakshasa, a spriggan berserker
and a basilisk.

Vanquished Creatures
  A hydra (D)
  An ice dragon (D)
  An ogre mage (D)
  Erica (D)
  A centaur warrior (D)
  A boulder beetle (D)
  A death yak (D)
  2 tengu warriors (D)
  2 orc high priests (D)
  Sonja (D)
  4 orc knights (D)
  2 orc sorcerers (D)
  A cyclops (D)
  3 ugly things (D)
  A manticore (D)
  A black mamba (shapeshifter) (D)
  2 cane toads (D)
  2 komodo dragons (D)
  A kobold demonologist (D)
  A tengu conjurer (D)
  2 polar bears (D)
  A blink frog (D)
  A yak (D)
  3 wyverns (D)
  3 water moccasins (D)
  6 black bears (D)
  8 orc warriors (D)
  3 wolves (D)
  2 centaurs (D)
  A kobold brigand (D)
  A bullfrog (D)
  2 scorpions (D)
  A howler monkey (D)
  An iguana (D)
  5 orc priests (D)
  5 orc wizards (D)
  An adder (D)
  An ufetubus (D)
  A dart slug (D)
  13 orcs (D)
  An endoplasm (D)
  A quokka (D)
  2 kobolds (D)
95 creatures vanquished.

Vanquished Creatures (others)
  A vampire (D)
1 creature vanquished.

Grand Total: 96 creatures vanquished

Notes
Turn   | Place    | Note
-------+----------+-------------------------------------------
     0 | D        | rocky1 the Formicid Fighter began the quest for the Orb.
     0 | D        | Reached XP level 1. HP: 18/18 MP: 1/1
    16 | D        | Reached XP level 2. HP: 24/25 MP: 2/2
   123 | D        | Noticed a scorpion
   123 | D        | Noticed a scorpion
   130 | D        | Killed a scorpion
   131 | D        | Reached skill level 5 in Fighting
   131 | D        | Reached skill level 5 in Armour
   131 | D        | Reached skill level 6 in Shields
   131 | D        | Reached XP level 3. HP: 33/33 MP: 3/3
   131 | D        | Reached XP level 4. HP: 39/39 MP: 4/4
   137 | D        | Reached skill level 7 in Shields
   149 | D        | Reached XP level 5. HP: 46/46 MP: 5/5
   154 | D        | Reached skill level 5 in Staves
   154 | D        | Reached skill level 8 in Shields
   160 | D        | Found a snail-covered altar of Cheibriados.
   160 | D        | Found a shadowy altar of Dithmenos.
   160 | D        | Found a white marble altar of Elyvilon.
   160 | D        | Found a blossoming altar of Fedhas.
   160 | D        | Found an opulent altar of Gozag.
   161 | D        | Found a hazy altar of Hepliaklqana.
   209 | D        | Found a viscous altar of Jiyva.
   210 | D        | Found an ancient bone altar of Kikubaaqudgha.
   211 | D        | Became a worshipper of Cheibriados the Contemplative
   212 | D        | Found a corrupted altar of Lugonu.
   213 | D        | Found a burning altar of Makhleb.
   214 | D        | Found a sparkling altar of Nemelex Xobeh.
   215 | D        | Found an iron altar of Okawaru.
   216 | D        | Found a stormy altar of Qazlal.
   217 | D        | Found a sacrificial altar of Ru.
   218 | D        | Found a shimmering blue altar of Sif Muna.
   219 | D        | Found a bloodstained altar of Trog.
   220 | D        | Found a hide-covered altar of Uskayaw.
   221 | D        | Found a radiant altar of Vehumet.
   222 | D        | Found an ornate altar of the Wu Jian Council.
   223 | D        | Found a shimmering altar of Xom.
   224 | D        | Found a basalt altar of Yredelemnul.
   225 | D        | Found a glowing silver altar of Zin.
   226 | D        | Found a glowing golden altar of the Shining One.
   278 | D        | Noticed a kobold brigand
   278 | D        | Noticed a centaur
   278 | D        | Noticed a kobold demonologist
   278 | D        | Noticed a centaur
   286 | D        | Reached skill level 1 in Dodging
   286 | D        | Reached XP level 6. HP: 49/55 MP: 6/6
   297 | D        | Reached * piety under Cheibriados
   298 | D        | Reached skill level 9 in Shields
   309 | D        | Noticed a hellwing
   311 | D        | Killed a kobold demonologist
   312 | D        | Reached skill level 10 in Shields
   312 | D        | Reached XP level 7. HP: 53/63 MP: 7/7
   321 | D        | Reached ** piety under Cheibriados
   331 | D        | Reached XP level 8. HP: 51/71 MP: 8/8
   582 | D        | Noticed a cyan ugly thing
   582 | D        | Noticed a centaur warrior
   582 | D        | Noticed a boulder beetle
   582 | D        | Noticed a tengu warrior
   582 | D        | Noticed a cyclops
   582 | D        | Noticed a vampire
   594 | D        | Killed a cyclops
   595 | D        | Reached skill level 11 in Shields
   603 | D        | Killed a vampire
   604 | D        | Reached skill level 1 in Evocations
   604 | D        | Killed a centaur warrior
   604 | D        | Reached *** piety under Cheibriados
   605 | D        | Reached skill level 10 in Fighting
   605 | D        | Reached skill level 12 in Shields
   605 | D        | Reached XP level 9. HP: 71/78 MP: 9/9
   609 | D        | Killed a tengu warrior
   609 | D        | Reached **** piety under Cheibriados
   610 | D        | Reached skill level 10 in Armour
   610 | D        | Reached skill level 13 in Shields
   611 | D        | Killed a boulder beetle
   612 | D        | Reached XP level 10. HP: 78/86 MP: 10/10
   617 | D        | Killed a cyan ugly thing
   618 | D        | Reached skill level 14 in Shields
   719 | D        | Found the +6 shillelagh "Devastator" {shatter}
   745 | D        | Noticed a cane toad
   749 | D        | Reached ***** piety under Cheibriados
   751 | D        | Reached skill level 1 in Maces & Flails
   755 | D        | Killed a cane toad
   756 | D        | Noticed a komodo dragon
   763 | D        | Reached ****** piety under Cheibriados
   768 | D        | Killed a komodo dragon
   769 | D        | Reached skill level 5 in Invocations
  1094 | D        | Noticed a seven-headed hydra
  1094 | D        | Noticed a cane toad
  1094 | D        | Noticed a komodo dragon
  1094 | D        | Noticed a death yak
  1099 | D        | Killed a death yak
  1100 | D        | Reached skill level 5 in Maces & Flails
  1100 | D        | Killed a komodo dragon
  1101 | D        | Reached XP level 11. HP: 73/93 MP: 13/15
  1105 | D        | Killed a seven-headed hydra
  1106 | D        | Reached skill level 15 in Shields
  1428 | D        | Got the +4 great sword of the Piercing Goat {flame, rN+}
  1482 | D        | Noticed Erica
  1488 | D        | Killed Erica
  1502 | D        | Noticed Sonja
  1515 | D        | Killed Sonja
  1516 | D        | Reached skill level 10 in Maces & Flails
  1568 | D        | Reached skill level 16 in Shields
  1798 | D        | Noticed an orc knight
  1811 | D        | Killed an orc knight
  1954 | D        | Found Poqomo's Assorted Antiques.
  1954 | D        | Noticed an orc knight
  1954 | D        | Noticed an orc high priest
  1955 | D        | Noticed an orc high priest
  1960 | D        | Killed an orc high priest
  1961 | D        | Reached XP level 12. HP: 89/102 MP: 18/18
  1967 | D        | Found Sekafeli's Weapon Shop.
  1972 | D        | Found Otunujag's Antique Weapon Boutique.
  1984 | D        | Found Titwi's Magic Scroll Shop.
  1989 | D        | Killed an orc high priest
  1990 | D        | Reached skill level 17 in Shields
  2001 | D        | Reached skill level 10 in Invocations
  2533 | D        | Bought a crystal lajatang for 580 gold pieces
  2533 | D        | Identified the +10 lajatang of the Rattlesnake {holy, rF+
                  | Will+ Str+3 Int-3} (You bought it in a shop in the Dungeon)
  2536 | D        | Bought a scroll of fog for 44 gold pieces
  2536 | D        | Bought a scroll of fog for 44 gold pieces
  2536 | D        | Bought a scroll of enchant armour for 82 gold pieces
  2637 | D        | Found the +8 Vampire's Tooth {megavamp}
  2735 | D        | Got the +2 pair of gloves of Too Many Cooks {rElec}
  2781 | D        | Noticed an ogre mage
  2781 | D        | Noticed a tengu warrior
  2794 | D        | Killed a tengu warrior
  2796 | D        | Noticed an ice dragon
  2799 | D        | Reached skill level 15 in Staves
  2799 | D        | Reached skill level 18 in Shields
  2801 | D        | Noticed a stone giant
  2804 | D        | Noticed a stone giant
  2806 | D        | Killed an ogre mage
  2810 | D        | Noticed a rakshasa
  2815 | D        | Killed an ice dragon
  2818 | D        | Noticed a spriggan berserker
  2822 | D        | Slain by a stone giant

Illustrated notes

Levels and vault maps discovered:
D:        linesprint [early_d, line_temple, items_1, d_10, items_2, lair_1,
          lair_end, items_3, orc_1, orc_end, items_4, d_15, swamp_1, shoals_1,
          snake_1, spider_1, d_20, vaults_1, items_5, swamp_end, shoals_end,
          snake_end, spider_end, vaults_end, d_27, items_6, zot_1, zot_end,
          crypt_end, forest_end, elf_end, slime_end, tomb_end, abyss_end,
          pan_hell_end]

Skill      XL: |  1  2  3  4  5  6  7  8  9 10 11 12 |
---------------+-------------------------------------+-----
Fighting       | 5 6 7 8 9 10 11 12 13 | 13.1
Staves         | 3 4 5 8 9 12 13 14 15 | 15.1
Armour         | 5 6 8 9 10 11 12 13 | 13.8
Shields        | 6 7 8 10 12 13 14 16 18 | 18.5
Dodging        | 1 2 3 4 |  4.4
Evocations     | 2 3 |  3.1
Invocations    | 6 9 11 | 11.5
Maces & Flails | 6 11 13 | 13.7
Stealth        | |  0.3

Action                     |  1- 3 |  4- 6 |  7- 9 | 10-12 || total
---------------------------+-------+-------+-------+-------++-------
  Melee: Quarterstaff      |    20 |    54 |    40 |     6 ||   120
         Shillelagh        |       |       |       |   146 ||   146
         Lajatang          |       |       |       |    38 ||    38
  Evoke: Wand              |       |       |     5 |       ||     5
    Use: Potion            |       |     1 |     2 |       ||     3
   Stab: Invisible         |       |       |     5 |     1 ||     6
 Armour: Scale mail        |    12 |    28 |       |       ||    40
         Plate armour      |       |    30 |    30 |    66 ||   126
         Fire dragon scale |       |       |       |    17 ||    17
  Dodge: Dodged            |     7 |    28 |    13 |    47 ||    95
  Block: Buckler           |     6 |    25 |    20 |       ||    51
         Kite shield       |       |       |       |   129 ||   129

Table legend: (Time is in decaauts)
 A = Elapsed time spent in this place.
 B = Non-inter-level travel time spent in this place.
 C = Inter-level travel time spent in this place.
 D = Time resting spent in this place.
 E = Time spent auto-exploring this place.
 F = Levels seen in this place.
 G = Mean time per level.
                   A        B        C        D        E       F      G
               +--------+--------+--------+--------+--------+-----+--------+
         Total |   3368 |   3368 |      0 |   1665 |      0 |   1 | 3368.0 |
       Dungeon |   3368 |   3368 |      0 |   1665 |      0 |   1 | 3368.0 |
               +--------+--------+--------+--------+--------+-----+--------+

Top non-repeatable levels by time:
       D: 3368 daAuts
